[Event "8th Amsterdam Summer Open-A 2018"]
[Site "Amsterdam"]
[Date "2018.07.07"]
[Round "1"]
[White "Grooten, Herman"]
[Black "Bogaard, Milo"]
[Result "0-1"]
[ECO "A81"]
[WhiteElo "2384"]
[BlackElo "2073"]
[Annotator "NA"]
[PlyCount "140"]
[EventDate "2018.07.07"]
[EventType "swiss"]
[EventCountry "NED"]
[SourceTitle "playchess.com"]
[Source "ChessBase"]
[SourceQuality "1"]
[TimeControl "40/5400+30:1800+30"]

1. d4 f5 2. g3 Nf6 3. Bg2 e6 4. Nd2 d5 5. Nh3 Bd6 6. c4 c6 7. Qc2 O-O 8. Nf3 Nh5 9. O-O Nd7 10. Nhg5 Ndf6 11. Ne5 Ne4 12. Ngf3 Qe7 13. e3 Nhf6 14. Ne1 Nd7 15. f3 Ng5 16. N1d3 Nxe5 17. dxe5 Bc7 18. Bd2 Rd8 19. Rad1 Bd7 20. Qc1 Nf7 21. f4 Rdc8 22. b3 a5 23. c5 b6 24. h3 g6 25. g4 b5 26. Be1 h6 27. Bf3 Kh7 28. Rd2 Rg8 29. Rg2 Bc8 30. a3 Ba6 31. b4 axb4 32. axb4 Bc8 33. Qb1 Bd7 34. Kh1 Qe8 35. Rfg1 Qe7 36. Bd1 Nh8 37. Bf2 Ra3 38. Bb3 Rga8 39. gxf5 exf5 40. Rxg6 Nxg6 41. Qc2 Ra1 42. Ne1 Qf7 43. Nf3 Rxg1+ 44. Kxg1 Bd8 45. Qd1 Be7 46. Kh2 Rg8 47. Bc2 Bd8 48. Qe2 Bc7 49. Be1 Qg7 50. Qf2 Nxe5 51. fxe5 Bxe5+ 52. Kh1 Bg3 53. Qxg3 Qxg3 54. Bxg3 Rxg3 55. Ne5 Be8 56. Bxf5+ Kg7 57. Ng4 h5 58. Nh2 Rxe3 59. Kg2 Rb3 60. Nf3 Rxb4 61. Ne5 Kf6 62. Nd3 Rb3 63. Bh7 Bd7 64. Nf4 Kg5 65. Ne2 Bxh3+ 66. Kf2 Rb2 67. Ke3 Rxe2+ 68. Kxe2 Bf5 69. Bg8 Kf6 70. Ke3 h4 0-1

[Event "8th Amsterdam Summer Open-A 2018"]
[Site "Amsterdam"]
[Date "2018.07.07"]
[Round "1"]
[White "De Boer, Eelke"]
[Black "Brouwer, Rein"]
[Result "1-0"]
[ECO "B39"]
[WhiteElo "2317"]
[BlackElo "2062"]
[Annotator "NA"]
[PlyCount "75"]
[EventDate "2018.07.07"]
[EventType "swiss"]
[EventCountry "NED"]
[SourceTitle "playchess.com"]
[Source "ChessBase"]
[SourceQuality "1"]
[TimeControl "40/5400+30:1800+30"]

1. e4 c5 2. Nf3 Nc6 3. d4 cxd4 4. Nxd4 g6 5. c4 Bg7 6. Be3 Nf6 7. Nc3 Ng4 8. Qxg4 Nxd4 9. Qd1 Ne6 10. Rc1 Qa5 11. Be2 O-O 12. O-O d6 13. Qd2 b6 14. Qd5 Qxd5 15. cxd5 Bxc3 16. Rxc3 Nc5 17. f3 a5 18. Rfc1 Ba6 19. Bxa6 Rxa6 20. b3 f5 21. Bh6 Re8 22. Re1 e5 23. a3 Ra7 24. b4 axb4 25. axb4 Na4 26. Rc6 Rd7 27. Rec1 b5 28. R1c2 Kf7 29. g4 fxg4 30. fxg4 g5 31. Bxg5 Kg6 32. Be3 Rf8 33. Kg2 h6 34. h4 h5 35. g5 Rff7 36. Ra6 Rf8 37. Rcc6 Rfd8 38. Bc5 1-0

[Event "8th Amsterdam Summer Open-A 2018"]
[Site "Amsterdam"]
[Date "2018.07.07"]
[Round "1"]
[White "Elgersma, Simon"]
[Black "Spiler, Angelo"]
[Result "1/2-1/2"]
[ECO "B75"]
[WhiteElo "2263"]
[BlackElo "2049"]
[Annotator "NA"]
[PlyCount "126"]
[EventDate "2018.07.07"]
[EventType "swiss"]
[EventCountry "NED"]
[SourceTitle "playchess.com"]
[Source "ChessBase"]
[SourceQuality "1"]
[TimeControl "40/5400+30:1800+30"]

1. e4 c5 2. Nf3 d6 3. d4 Nf6 4. Nc3 cxd4 5. Nxd4 g6 6. Be3 Bg7 7. f3 Nc6 8. Qd2 Bd7 9. O-O-O Rc8 10. Kb1 a6 11. g4 h5 12. g5 Nh7 13. h4 O-O 14. f4 Bg4 15. Be2 Bxe2 16. Ncxe2 Qc7 17. f5 Nxd4 18. Nxd4 Qc4 19. Rhf1 Be5 20. b3 Qc3 21. Qe2 a5 22. Rd3 Qb4 23. Qd2 Qxd2 24. Bxd2 a4 25. Nf3 Bg7 26. Bb4 Rc6 27. Rfd1 Rfc8 28. R1d2 Bc3 29. Bxc3 Rxc3 30. Kb2 a3+ 31. Kxa3 Rxc2 32. Kb4 Nf8 33. a4 Nd7 34. Rxc2 Rxc2 35. f6 Nc5 36. Rd4 exf6 37. gxf6 Rf2 38. Ng5 Rxf6 39. e5 Na6+ 40. Kb5 dxe5 41. Rd8+ Kg7 42. Rd7 Nb8 43. Rxb7 Nc6 44. a5 Nd4+ 45. Kc5 Ne6+ 46. Nxe6+ Rxe6 47. Rb6 Re8 48. a6 e4 49. a7 e3 50. Rb8 Re5+ 51. Kd4 e2 52. a8=Q e1=Q 53. Rg8+ Kh7 54. Rh8+ Kg7 55. Rg8+ Kh7 56. Rh8+ Kg7 57. Rg8+ Kf6 58. Qd8+ Re7 59. Qd6+ Qe6 60. Qf4+ Qf5 61. Qd6+ Qe6 62. Qb8 Qe1 63. Qd6+ {[%emt 0:00:08] Re5 Qb8} Re6 {[%emt 0:00:03] Qa8 [%emt 00:00:04]} 1/2-1/2

[Event "8th Amsterdam Summer Open-A 2018"]
[Site "Amsterdam"]
[Date "2018.07.07"]
[Round "1"]
[White "Kokje, Joris"]
[Black "Hernandez Iglesias, Francisco"]
[Result "0-1"]
[ECO "D11"]
[WhiteElo "2242"]
[BlackElo "2047"]
[Annotator "NA"]
[PlyCount "64"]
[EventDate "2018.07.07"]
[EventType "swiss"]
[EventCountry "NED"]
[SourceTitle "playchess.com"]
[Source "ChessBase"]
[SourceQuality "1"]
[TimeControl "40/5400+30:1800+30"]

1. d4 d5 2. c4 c6 3. Nf3 Nf6 4. g3 Bf5 5. Nc3 e6 6. Nh4 Bg4 7. h3 Bh5 8. g4 Ne4 9. Nxe4 Qxh4 10. Bg5 Bb4+ 11. Bd2 dxe4 12. Bxb4 e3 13. Rh2 Bxg4 14. Qb3 exf2+ 15. Rxf2 Bf5 16. Bd6 Qd8 17. Qxb7 Qxd6 18. O-O-O O-O 19. Qxa8 Qc7 20. Bg2 Bg6 21. Bf3 Rc8 22. e3 f6 23. b3 Be8 24. d5 cxd5 25. Bxd5 Bc6 26. Bxe6+ Kf8 27. Bxc8 Bxa8 28. Rfd2 Be4 29. Rd4 Qe5 30. Rd8+ Kf7 31. Kd2 Bf3 32. Rc1 Qa5+ 0-1

[Event "8th Amsterdam Summer Open-A 2018"]
[Site "Amsterdam"]
[Date "2018.07.07"]
[Round "1"]
[White "Floor, Dirk"]
[Black "Bodicker, Rob"]
[Result "1-0"]
[ECO "C09"]
[WhiteElo "2196"]
[BlackElo "2039"]
[Annotator "NA"]
[PlyCount "71"]
[EventDate "2018.07.07"]
[EventType "swiss"]
[EventCountry "NED"]
[SourceTitle "playchess.com"]
[Source "ChessBase"]
[SourceQuality "1"]
[TimeControl "40/5400+30:1800+30"]

1. e4 e6 2. d4 d5 3. Nd2 c5 4. Ngf3 cxd4 5. exd5 exd5 6. Bb5+ Nc6 7. Qe2+ Be7 8. O-O a6 9. Bxc6+ bxc6 10. Re1 Qb6 11. c4 Be6 12. cxd5 cxd5 13. Nb3 Bb4 14. Bd2 Bxd2 15. Qxd2 Nf6 16. Qxd4 Rb8 17. Qa4+ Qb5 18. Qa3 Qb4 19. Qxa6 O-O 20. Qd3 Ne4 21. Qd4 Qb5 22. Qe3 Rbc8 23. Nfd4 Qb6 24. Nxe6 Qxe3 25. Rxe3 fxe6 26. f3 Nf6 27. Nd4 Rc4 28. Rd1 Rfc8 29. Rxe6 Kf7 30. Re5 Rb4 31. b3 Rc5 32. Kf2 Nd7 33. Re2 Rb6 34. Rc2 Ra6 35. Rxc5 Nxc5 36. Rd2 1-0

[Event "8th Amsterdam Summer Open-A 2018"]
[Site "Amsterdam"]
[Date "2018.07.07"]
[Round "1"]
[White "Jansen, Dirk Norbert"]
[Black "Riemersma, Li"]
[Result "0-1"]
[ECO "C44"]
[WhiteElo "2190"]
[BlackElo "2458"]
[Annotator "ChessBase"]
[PlyCount "86"]
[EventDate "2018.07.07"]
[EventType "swiss"]
[EventCountry "NED"]
[SourceTitle "playchess.com"]
[Source "ChessBase"]
[SourceQuality "1"]
[TimeControl "40/5400+30:1800+30"]

1. e4 e5 2. Nf3 Nc6 3. d4 exd4 4. c3 Nf6 5. e5 Nd5 6. cxd4 d6 7. Bb5 Be7 8. Nc3 Nxc3 9. bxc3 O-O 10. O-O Bg4 11. h3 Bh5 12. Bf4 dxe5 13. dxe5 Bc5 14. Qxd8 Raxd8 15. Rad1 Ne7 16. Bc4 c6 17. g4 Bg6 18. Nd4 Nd5 19. Bd2 Rfe8 20. f4 Bc2 21. Rc1 Be4 22. Rfe1 Nxc3 23. Bxc3 Bxd4+ 24. Bxd4 Rxd4 25. Kf2 Bd5 26. Bxd5 Rxd5 27. Red1 Red8 28. Rxd5 Rxd5 29. Ke3 Kf8 30. Ke4 Ra5 31. Rc2 Ke7 32. h4 Ra4+ 33. Kf3 g6 34. h5 gxh5 35. gxh5 Ra3+ 36. Kg4 h6 37. Rb2 b5 38. Rd2 b4 39. Rd6 Rxa2 40. Rxh6 Rc2 41. Rh8 a5 42. Ra8 b3 43. Rxa5 Ra2 0-1

[Event "8th Amsterdam Summer Open-A 2018"]
[Site "Amsterdam"]
[Date "2018.07.07"]
[Round "1"]
[White "Elgersma, Onno"]
[Black "Hoekstra, Peter"]
[Result "1-0"]
[ECO "C19"]
[WhiteElo "2150"]
[BlackElo "2031"]
[Annotator "NA"]
[PlyCount "125"]
[EventDate "2018.07.07"]
[EventType "swiss"]
[EventCountry "NED"]
[SourceTitle "playchess.com"]
[Source "ChessBase"]
[SourceQuality "1"]
[TimeControl "40/5400+30:1800+30"]

1. e4 e6 2. d4 d5 3. Nc3 Bb4 4. e5 c5 5. a3 Bxc3+ 6. bxc3 Ne7 7. Nf3 h6 8. h4 O-O 9. Bd3 b6 10. h5 Ba6 11. g4 Bxd3 12. cxd3 Nd7 13. Rg1 Kh8 14. Be3 cxd4 15. cxd4 Rc8 16. Qd2 Kh7 17. g5 Nf5 18. gxh6 gxh6 19. Bxh6 Rg8 20. Bg5 Qc7 21. Ke2 Qc2 22. Bf4 Qxd2+ 23. Kxd2 Rxg1 24. Rxg1 Kh8 25. a4 Nb8 26. Bg5 Nd7 27. Rg4 Rg8 28. Kc3 Kh7 29. Kb4 a6 30. Rg1 Nb8 31. Rc1 Nxd4 32. Nxd4 Rxg5 33. Rc7 Rg7 34. Rb7 Rg8 35. Rxf7+ Kh6 36. Rf6+ Kxh5 37. Rxe6 Nd7 38. f4 Rg4 39. Ne2 Nc5 40. Rxb6 Nxd3+ 41. Kb3 Nxf4 42. Nxf4+ Rxf4 43. Rxa6 Re4 44. e6 Kg6 45. a5 Kf6 46. Rc6 Re1 47. Ra6 Re4 48. Rc6 Re1 49. a6 Ra1 50. Kc2 Ra3 51. Kb2 Ra4 52. Kc3 Ke7 53. Kb3 Ra1 54. Kb4 Ra2 55. Kc5 Ra5+ 56. Kd4 Kf6 57. Rb6 Ke7 58. Ke5 d4+ 59. Kxd4 Kf6 60. Kc4 Ke7 61. Kb4 Ra1 62. Kb5 Ra2 63. Kc6 1-0

[Event "8th Amsterdam Summer Open-A 2018"]
[Site "Amsterdam"]
[Date "2018.07.07"]
[Round "1"]
[White "Riemens, Koen"]
[Black "Brink, Barry"]
[Result "0-1"]
[ECO "E05"]
[WhiteElo "2064"]
[BlackElo "2342"]
[Annotator "NA"]
[PlyCount "78"]
[EventDate "2018.07.07"]
[EventType "swiss"]
[EventCountry "NED"]
[SourceTitle "playchess.com"]
[Source "ChessBase"]
[SourceQuality "1"]
[TimeControl "40/5400+30:1800+30"]

1. c4 Nf6 2. g3 e6 3. Bg2 d5 4. d4 dxc4 5. Nf3 a6 6. O-O Nc6 7. Nc3 Rb8 8. Bg5 Be7 9. e4 O-O 10. Rc1 b5 11. a4 Na5 12. Qe2 b4 13. Nb1 Bd7 14. Rxc4 Nxc4 15. Qxc4 Bxa4 16. Re1 Bb5 17. Qc2 a5 18. b3 Rc8 19. Rd1 Qe8 20. Nbd2 a4 21. Re1 h6 22. Bxf6 Bxf6 23. e5 Be7 24. d5 exd5 25. Nd4 axb3 26. Qxb3 c5 27. Nxb5 c4 28. Nd6 Bxd6 29. Qb1 c3 30. Nb3 c2 31. Qc1 Bxe5 32. Bxd5 Bb2 33. Rxe8 Bxc1 34. Rxf8+ Kxf8 35. Nxc1 Rd8 36. Bb3 Rd1+ 37. Kg2 Rxc1 38. Kf3 Ke7 39. Ke3 Re1+ 0-1

[Event "8th Amsterdam Summer Open-A 2018"]
[Site "Amsterdam"]
[Date "2018.07.07"]
[Round "1"]
[White "Koelewijn, Alex"]
[Black "Kollen, Zyon"]
[Result "0-1"]
[ECO "E05"]
[WhiteElo "2055"]
[BlackElo "2313"]
[Annotator "NA"]
[PlyCount "76"]
[EventDate "2018.07.07"]
[EventType "swiss"]
[EventCountry "NED"]
[SourceTitle "playchess.com"]
[Source "ChessBase"]
[SourceQuality "1"]
[TimeControl "40/5400+30:1800+30"]

1. Nf3 Nf6 2. c4 e6 3. g3 d5 4. Bg2 Be7 5. O-O O-O 6. d4 dxc4 7. Qc2 b6 8. Bg5 Nd5 9. Bxe7 Qxe7 10. Nbd2 b5 11. a4 c6 12. Ne4 Nd7 13. Ne5 Nxe5 14. dxe5 Bd7 15. h4 f6 16. exf6 gxf6 17. axb5 cxb5 18. Nc3 Bc6 19. Nxd5 Bxd5 20. Bxd5 exd5 21. Qf5 Qe5 22. Qd7 a6 23. Rfd1 Rfd8 24. Qg4+ Kh8 25. Rd4 Rg8 26. Qf4 Qxf4 27. Rxf4 Kg7 28. Rd4 Rge8 29. e3 Re5 30. Ra5 Kf7 31. Rd1 Ke7 32. Rda1 d4 33. exd4 Re2 34. Rb1 Kd6 35. Kf1 Rd2 36. d5 Kxd5 37. b3 c3 38. Rc1 Kc5 0-1

[Event "8th Amsterdam Summer Open-A 2018"]
[Site "Amsterdam"]
[Date "2018.07.07"]
[Round "1"]
[White "Zak, Arad"]
[Black "Van Baar, Esper"]
[Result "0-1"]
[ECO "E60"]
[WhiteElo "2048"]
[BlackElo "2252"]
[Annotator "NA"]
[PlyCount "83"]
[EventDate "2018.07.07"]
[EventType "swiss"]
[EventCountry "NED"]
[SourceTitle "playchess.com"]
[Source "ChessBase"]
[SourceQuality "1"]
[TimeControl "40/5400+30:1800+30"]

1. d4 Nf6 2. c4 g6 3. Nf3 Bg7 4. g3 O-O 5. Bg2 d6 6. O-O Bf5 7. Nc3 Ne4 8. Nd5 c6 9. Ne3 Be6 10. d5 Bd7 11. Qc2 Nf6 12. Bd2 c5 13. a4 a5 14. Ne1 Na6 15. Bc3 Nb4 16. Qd2 Ra7 17. N3c2 e6 18. e4 exd5 19. exd5 Re8 20. Qf4 Bc8 21. Na3 Nh5 22. Qf3 b6 23. Nb5 Rb7 24. g4 Nf6 25. Qg3 Rd7 26. h3 Ba6 27. Bxb4 axb4 28. Nd3 Ne4 29. Bxe4 Rxe4 30. Rac1 Bxb5 31. axb5 Rde7 32. Rc2 Re2 33. Rxe2 Rxe2 34. Ra1 Bxb2 35. Ra2 Be5 36. Nxe5 Rxa2 37. Nc6 Qe8 38. Qf4 Qe1+ 39. Kg2 Qxf2+ 40. Qxf2 Rxf2+ 41. Kxf2 b3 42. Ke1 0-1

[Event "8th Amsterdam Summer Open-A 2018"]
[Site "Amsterdam"]
[Date "2018.07.07"]
[Round "1"]
[White "Pronk, Sven"]
[Black "Hildenbrand, Peter"]
[Result "0-1"]
[ECO "D50"]
[WhiteElo "2044"]
[BlackElo "2226"]
[Annotator "NA"]
[PlyCount "135"]
[EventDate "2018.07.07"]
[EventType "swiss"]
[EventCountry "NED"]
[SourceTitle "playchess.com"]
[Source "ChessBase"]
[SourceQuality "1"]
[TimeControl "40/5400+30:1800+30"]

1. d4 d5 2. c4 e6 3. Nc3 Nf6 4. Bg5 Bb4 5. Qa4+ Nc6 6. e3 h6 7. Bh4 g5 8. Bg3 Ne4 9. Nge2 Bd7 10. Qc2 h5 11. h4 Nxg3 12. Nxg3 gxh4 13. Nge2 dxc4 14. Nf4 Qg5 15. O-O-O O-O-O 16. Ne4 Qa5 17. Bxc4 Be7 18. d5 Nb4 19. Qc3 Qb6 20. d6 Bxd6 21. Nxd6+ cxd6 22. a3 d5 23. Bxd5+ Nc6 24. Bf3 Qc7 25. Rxh4 Ne5 26. Qxc7+ Kxc7 27. Be2 Rdg8 28. Rxh5 Rxh5 29. Bxh5 Ba4 30. Rd4 Bc6 31. g3 Rh8 32. Kc2 Rh7 33. Rd2 Nc4 34. Rd4 b5 35. Bxf7 Rxf7 36. Nxe6+ Kb6 37. Nf4 Rh7 38. a4 Rh2 39. Nd3 Nxe3+ 40. Kd2 Nf5 41. Rg4 bxa4 42. Rg6 Kc7 43. g4 Ne7 44. Rf6 Nd5 45. Rf7+ Kb6 46. Ne5 Rg2 47. Ke2 Bb5+ 48. Kf3 Rg1 49. Nd7+ Bxd7 50. Rxd7 Nb4 51. Kf4 a6 52. g5 Rg2 53. Rd2 Kc5 54. Kf5 Nd5 55. Kg6 Nf4+ 56. Kf6 Nh3 57. Re2 Nxg5 58. Re5+ Kb4 59. Rxg5 Rxf2+ 60. Ke5 Rxb2 61. Rg4+ Kb5 62. Rg3 Rb3 63. Rg2 a3 64. Kd4 Rb2 65. Rg5+ Kb4 66. Kd3 a5 67. Rg6 Ka4 68. Rb6 0-1

[Event "8th Amsterdam Summer Open-A 2018"]
[Site "Amsterdam"]
[Date "2018.07.07"]
[Round "1"]
[White "Pham, Khoi"]
[Black "Kohler, Aran"]
[Result "1/2-1/2"]
[ECO "B01"]
[WhiteElo "2037"]
[BlackElo "2175"]
[Annotator "NA"]
[PlyCount "95"]
[EventDate "2018.07.07"]
[EventType "swiss"]
[EventCountry "NED"]
[SourceTitle "playchess.com"]
[Source "ChessBase"]
[SourceQuality "1"]
[TimeControl "40/5400+30:1800+30"]

1. e4 c6 2. d4 d5 3. exd5 Qxd5 4. Nc3 Qd8 5. Nf3 Bg4 6. Bc4 e6 7. Be3 Nd7 8. h3 Bh5 9. O-O Ngf6 10. a4 Bd6 11. a5 O-O 12. a6 b5 13. Bd3 b4 14. Ne4 Nxe4 15. Bxe4 Rc8 16. c4 f5 17. Bc2 e5 18. c5 exd4 19. cxd6 dxe3 20. fxe3 Qb6 21. Qd4 Bxf3 22. Qxb6 Nxb6 23. Rxf3 g6 24. e4 fxe4 25. Bxe4 Rxf3 26. Bxf3 Rd8 27. Rd1 c5 28. b3 Kg7 29. Rc1 Kf6 30. Rxc5 Rxd6 31. Kh2 h5 32. Rc7 Nd7 33. Rxa7 Nc5 34. Be2 Nxb3 35. Bc4 Nc5 36. Rf7+ Ke5 37. a7 Rd8 38. Bb5 Kd5 39. Rf6 Ne6 40. Be2 Nd4 41. Ba6 Ke5 42. Rxg6 Ra8 43. Rg5+ Kf4 44. Rd5 Ke3 45. Rd7 b3 46. Bc4 b2 47. Rb7 Rxa7 48. Rxb2 1/2-1/2